 Dungeon Crawl Stone Soup version 0.23-a0-270-gab6feb3 (webtiles) character file.

11758 women the Severer (level 11, -4/95 HPs)
             Began as a Hill Orc Chaos Knight on Oct 1, 2018.
             Slain by a two-headed ogre
             ... wielding a +0 giant club
              (16 damage)
             ... on level 11 of the Dungeon.
             The game lasted 00:18:27 (12343 turns).

women the Severer (Hill Orc Chaos Knight)          Turns: 12343, Time: 00:18:28

Health: -4/95      AC: 11    Str: 16      XL:     11   Next: 82%
Magic:  13/13      EV: 13    Int: 10 (11) God:    Xom [*.....]
Gold:   444        SH: 14    Dex: 15      Spells: 10/10 levels left

rFire    + + .     SeeInvis .   a - +0 hand axe (chaos)
rCold    x . .     Gourm    .   i - +3 shield "Yquu" {rN+ Int-3 Stlth+}
rNeg     + . .     Faith    .   U - +3 troll leather armour {Snorg}
rPois    +         Spirit   .   y - +1 helmet
rElec    .         Reflect  .   T - scarf {cloud immunity}
rCorr    .         Harm     .   x - +0 pair of gloves
MR       +....                  (no boots)
Stlth    ++........             B - amulet of rage
HPRegen  0.65/turn              j - ring of protection from magic
MPRegen  0.13/turn              S - ring "Atues" {Fire +Fly Int+2}

@: berserk cooldown, slowed, very slow
A: talons 1, icy blue scales 1, agile 1, blink, deformed body, deterioration 1,
fire resistance 1, mutation resistance 2, poison resistance
a: Blink, Renounce Religion, Evoke Berserk Rage, Evoke Flight


You were on level 11 of the Dungeon.
You worshipped Xom.
You were a special plaything of Xom.
You were hungry.

You visited 3 branches of the dungeon, and saw 13 of its levels.
You also visited: Sewer.

You collected 615 gold pieces.
You spent 171 gold pieces at shops.

Inventory:

Hand Weapons
 a - a +0 hand axe of chaos (weapon)
 G - the +0 whip "String" {slash, rPois Str+2 Stlth+}
   (You found it on level 6 of the Dungeon)

   It inflicts extra damage upon your enemies.
   It affects your strength (+2).
   It protects you from poison.
   It makes you more stealthy.
Armour
 i - the +3 shield "Yquu" (worn) {rN+ Int-3 Stlth+}
   (Xom gifted it to you on level 7 of the Dungeon)

   It affects your intelligence (-3).
   It protects you from negative energy.
   It makes you more stealthy.
 x - a +0 pair of gloves (worn)
 y - a +1 helmet (worn)
 F - a +2 leather armour of positive energy
 H - a +2 leather armour of poison resistance
 T - a scarf of cloud immunity (worn)
 U - a +3 troll leather armour (worn) {Snorg}
Jewellery
 b - an uncursed ring of magical power
 j - a ring of protection from magic (left hand)
 o - an uncursed ring of magical power
 v - an uncursed ring of positive energy
 B - an amulet of rage (around neck)
 I - an uncursed ring of ice
 K - a +3 ring of dexterity
 S - the ring "Atues" (right hand) {Fire +Fly Int+2}
   (You found it on level 8 of the Dungeon)

   [ring of fire]

   It enhances your fire magic.
   It affects your intelligence (+2).
   It protects you from fire.
   It makes you vulnerable to cold.
   It lets you fly.
Wands
 r - a wand of disintegration (41)
 w - a wand of digging (8)
 D - a wand of enslavement (1)
 L - a wand of flame (32)
 O - a wand of random effects (12)
Scrolls
 d - 5 scrolls of teleportation {unknown}
 e - 7 scrolls of remove curse
 k - a scroll of blinking {unknown}
 l - a scroll of immolation {unknown}
 m - 6 scrolls of fear {unknown}
 n - a scroll of fog {unknown}
 q - a scroll of torment {unknown}
 u - 4 scrolls of amnesia {unknown}
 A - 3 scrolls of magic mapping {unknown}
 J - a scroll of identify
 M - a scroll of noise {unknown}
 N - 3 scrolls of enchant weapon
Potions
 f - 8 potions of curing
 g - a potion of invisibility
 h - 2 potions of lignification
 p - 7 potions of heal wounds
 s - 4 potions of brilliance
 t - 2 potions of might
 z - 3 potions of ambrosia
 E - 4 potions of flight
 P - a potion of mutation
 Q - 4 potions of degeneration
 R - 2 potions of haste
Comestibles
 c - 29 rations


   Skills:
 + Level 8.6 Fighting
 * Level 15.2 Axes
 + Level 5.8 Armour
 + Level 5.0 Dodging
 * Level 9.8 Shields
 * Level 3.7 Evocations


You had 10 spell levels left.
You didn't know any spells.
Your spell library contained the following spells:

 Spells                   Type           Power        Failure   Level  Hunger
 Animate Skeleton         Necr           N/A          65%         1    ##.....
 Apportation              Tloc           #.....       65%         1    ##.....
 Confusing Touch          Hex            #.....       65%         1    ##.....
 Sting                    Conj/Pois      #...         65%         1    ##.....
 Summon Small Mammal      Summ           #...         65%         1    ##.....
 Poisonous Vapours        Pois/Air       #.....       80%         2    ###....
 Mephitic Cloud           Conj/Pois/Air  #.......     95%         3    ####...
 Olgreb's Toxic Radiance  Pois           #.......     100%        4    #####..
 Bolt of Magma            Conj/Fire/Erth #.........   100%        5    ######.
 Iskenderun's Battlesphe  Conj/Chrm      #.......     100%        5    ######.
 Venom Bolt               Conj/Pois      #.........   100%        5    ######.
 Iron Shot                Conj/Erth      #.........   100%        6    #######
 Orb of Destruction       Conj           #.........   100%        7    #######
 Spellforged Servitor     Conj/Summ      #.........   100%        7    #######


Dungeon Overview and Level Annotations

Branches:
Dungeon (11/15)            Temple (1/1) D:4            Lair (1/6) D:10
    Orc: D:9-12

Altars:
Dithmenos
Fedhas
Makhleb
Okawaru
Ru
Sif Muna
Uskayaw
Vehumet
Wu Jian
Xom
Yredelemnul
Zin

Shops:
D:6 **(


Innate Abilities, Weirdness & Mutations

You have sharp toenails.
You are partially covered in icy blue scales. (AC +2)
You are agile. (Dex +2)
You can translocate small distances at will.
Armour fits poorly on your strangely shaped body.
Your body sometimes deteriorates upon taking damage.
Your flesh is heat resistant. (rF+)
You are somewhat resistant to both further mutation and mutation removal.
Your system is resistant to poisons. (rPois)


Message History

You are no longer berserk.
You are exhausted.
You feel yourself slow down.
Your crimson imp blinks!
Something bites your shadow imp!
Something closely misses your shadow imp.
Something bites your shadow imp!
Your shadow imp dies!
Items here: ))) [ †† Unknown command.
Unknown command.
You feel much better.
You hear something invoke the aid of Beogh against you.
Beogh smites you!
The two-headed ogre hits you with a giant club!!
* * * LOW HITPOINT WARNING * * *
Your body deteriorates!
You feel dopey.
The two-headed ogre hits you with a giant club!
You die...
Xom laughs nastily!

.#.##.## ## ###......
.D÷.O<# #........ ......#
#<....... ......##.
#[.......
.......>.########....####
....##.........##.####
....# ....D....#..# .....
........o#O##
...#..........{#@#
.....5.§k§5# .......§§§##
.......{.## .........#
.........# .........#
#.######## #


You could see a two-headed ogre, a swamp drake, a friendly crimson imp and a
friendly white imp.

Vanquished Creatures
  Snorg (D:10)
  2 two-headed ogres (D:9)
  Nergalle (D:11)
  2 unseen horrors
  An oklob plant (D:8)
  Joseph (D:8)
  A troll (D:11)
  A hornet (D:7)
  3 hippogriffs
  A vampire (D:8)
  3 yaks (D:10)
  A hungry ghost (D:6)
  2 wargs (D:10)
  A water moccasin (D:10)
  5 sky beasts
  4 phantoms
  An ice beast (D:10)
  5 ogres
  An eye of draining (shapeshifter) (D:8)
  A hornet zombie (D:9)
  2 black bears
  4 orc warriors
  2 necrophages
  2 centaurs
  A boggart (shapeshifter) (D:9)
  4 big kobolds
  7 bullfrogs
  A wyvern skeleton (D:11)
  3 scorpions
  5 killer bees (D:11)
  A vampire bat (D:5)
  3 howler monkeys
  2 crimson imps (D:5)
  8 hounds
  3 jellies
  2 orc priests (D:11)
  2 bullfrog skeletons
  3 centaur skeletons
  An iguana (D:8)
  Ijyb (D:3)
  Natasha (thrice) (D:3)
  Terence (D:3)
  9 orc wizards
  11 worker ants
  A hound skeleton (D:5)
  A worker ant zombie (D:5)
  3 gnolls (D:5)
  16 adders
  4 river rats (Sewer)
  4 shadow imps
  4 oozes
  3 worms
  2 dart slugs (D:1)
  3 fire bats (D:5)
  4 leopard geckos
  18 orcs
  2 spectral bats (D:5)
  8 ball pythons
  13 bats
  3 bat skeletons (D:5)
  A bat zombie (D:5)
  6 giant cockroaches
  4 goblins
  8 hobgoblins
  13 jackals
  5 quokkas
  A bat simulacrum (D:5)
  6 frilled lizards
  23 kobolds
  A leopard gecko skeleton (D:4)
  2 quokka skeletons
  29 rats
307 creatures vanquished.

Vanquished Creatures (collateral kills)
  A hornet (D:11)
  A centaur (D:10)
  2 orc priests
  An adder (D:10)
  2 orcs
  A jackal (D:4)
8 creatures vanquished.

Vanquished Creatures (others)
  A bullfrog (D:9)
1 creature vanquished.

Grand Total: 316 creatures vanquished

Notes
Turn   | Place    | Note
-------+----------+-------------------------------------------
     0 | D:1      | women the Hill Orc Chaos Knight began the quest for the
                  | Orb.
     0 | D:1      | Reached XP level 1. HP: 19/19 MP: 1/1
    45 | D:1      | Reached XP level 2. HP: 22/27 MP: 2/2
   166 | D:1      | XOM: 1-stop teleportation journey
   174 | D:1      | Reached skill level 5 in Axes
   199 | D:1      | Reached XP level 3. HP: 26/33 MP: 3/3
   209 | D:1      | XOM: mild Air miscast
   346 | D:1      | XOM: god gift: flail {god gift}
   960 | D:2      | Noticed a phantom
   962 | D:2      | Found a sacrificial altar of Ru.
   963 | D:2      | XOM: potion effect (haste)
  1013 | D:2      | XOM: potion effect (invisibility)
  1023 | D:2      | Killed a phantom
  1023 | D:2      | Reached skill level 6 in Axes
  1023 | D:2      | Reached skill level 1 in Dodging
  1023 | D:2      | Reached XP level 4. HP: 28/40 MP: 4/4
  1023 | D:2      | Reached XP level 5. HP: 33/46 MP: 5/5
  1544 | D:3      | Reached skill level 7 in Axes
  1574 | D:3      | XOM: harmless Chrm miscast
  1620 | D:3      | Noticed Ijyb
  1630 | D:3      | Killed Ijyb
  1754 | D:3      | Reached XP level 6. HP: 42/53 MP: 6/6
  2003 | D:3      | Noticed Terence
  2012 | D:3      | Killed Terence
  2012 | D:3      | Reached skill level 1 in Shields
  2168 | D:3      | Noticed Natasha
  2175 | D:3      | Killed Natasha
  2177 | D:3      | Found a faded altar of an unknown god.
  2242 | D:3      | Noticed Natasha
  2254 | D:3      | Killed Natasha
  2282 | D:3      | Noticed Natasha
  2318 | D:3      | Killed Natasha
  2384 | D:3      | XOM: cloud trail
  2521 | D:4      | XOM: divination: detect items
  2530 | D:4      | Reached skill level 8 in Axes
  2532 | D:4      | XOM: enchant monster (good)
  2536 | D:4      | XOM: summons 3 friendly demons
  2580 | D:4      | Found a staircase to the Ecumenical Temple.
  2594 | D:4      | Reached XP level 7. HP: 34/60 MP: 7/7
  2749 | D:4      | XOM: harmless Pois miscast
  2880 | D:4      | XOM: smoke on damage
  3173 | D:4      | XOM: divination: detect items
  3346 | D:4      | XOM: confusion (+ monsters)
  3533 | Temple   | Entered the Ecumenical Temple
  3544 | D:5      | Entered Level 5 of the Dungeon
  3576 | D:5      | Reached skill level 9 in Axes
  3747 | D:5      | XOM: potion effect (invisibility)
  3756 | D:5      | XOM: cast spell 'Leda's Liquefaction'
  3764 | D:5      | XOM: enchant monster (bad)
  3766 | D:5      | Reached skill level 5 in Fighting
  3799 | D:5      | XOM: medium Air miscast
  3810 | D:5      | XOM: cloud trail
  3928 | D:5      | XOM: harmless Necr miscast
  3939 | D:5      | XOM: scenery: create altars
  3957 | D:5      | Found an ornate altar of the Wu Jian Council.
  3979 | D:5      | XOM: confuse monster(s)
  3990 | D:5      | Reached XP level 8. HP: 67/68 MP: 8/8
  4028 | D:5      | XOM: harmless Tmut miscast
  4124 | D:5      | Found a burning altar of Makhleb.
  4125 | D:5      | XOM: summons 2 friendly demons
  4300 | D:5      | Reached skill level 10 in Axes
  4474 | D:5      | XOM: cloud trail
  4602 | D:6      | Found Jokkup's Weapon Boutique.
  4690 | D:6      | Found a glowing drain.
  4695 | Sewer    | Entered a sewer
  4793 | Sewer    | XOM: divination: detect creatures
  5088 | Sewer    | XOM: potion effect (heal wounds)
  5174 | Sewer    | XOM: harmless Air miscast
  5303 | D:6      | XOM: mild Necr miscast
  5386 | D:6      | Got an iridescent whip
  5387 | D:6      | Identified the +0 whip "String" {slash, rPois Str+2 Stlth+}
                  | (You found it on level 6 of the Dungeon)
  5414 | D:6      | Found Ogikoze's Magic Scroll Shoppe.
  5420 | D:6      | XOM: noise
  5422 | D:6      | XOM: cast spell 'Alistair's Intoxication'
  5425 | D:6      | XOM: divination: detect creatures
  5429 | D:6      | Reached skill level 11 in Axes
  5434 | D:6      | Reached XP level 9. HP: 38/75 MP: 9/9
  5439 | D:6      | XOM: mild Air miscast
  5483 | D:6      | XOM: silly message
  5528 | D:6      | XOM: divination: detect items
  5722 | D:6      | XOM: cleaving
  5724 | D:6      | XOM: polymorph worker ant -> jelly
  5735 | D:6      | XOM: confuse monster(s)
  5775 | D:6      | XOM: god gift: 5 rations
  5808 | D:6      | Found a shadowy altar of Dithmenos.
  5818 | D:6      | Found Yghuyl's Assorted Antiques.
  5943 | D:6      | Bought a scroll labeled NOEPNI XAESAAMM for 32 gold pieces
  5943 | D:6      | Bought a scroll of identify for 64 gold pieces
  5975 | D:6      | Found Ucofyn's General Store.
  5983 | D:6      | Bought a potion of heal wounds for 75 gold pieces
  6037 | D:6      | XOM: destruction
  6060 | D:6      | Paralysed by fainting for 6 turns
  6067 | D:6      | Reached skill level 12 in Axes
  6181 | D:7      | XOM: fog
  6251 | D:7      | Found a hide-covered altar of Uskayaw.
  6275 | D:7      | Found a blossoming altar of Fedhas.
  6275 | D:7      | Found an iron altar of Okawaru.
  6277 | D:7      | XOM: give mutations
  6277 | D:7      | Gained mutation: Your flesh is heat resistant. (rF+) [Xom's
                  | grace]
  6277 | D:7      | Gained mutation: You are somewhat resistant to further
                  | mutation. [Xom's grace]
  6277 | D:7      | Gained mutation: You are agile. (Dex +2) [Xom's grace]
  6341 | D:7      | Noticed a hornet
  6356 | D:7      | Killed a hornet
  6360 | D:7      | XOM: god gift: pitted shield {god gift}
  6504 | D:7      | Got a pitted shield {god gift}
  6515 | D:7      | Identified the +3 shield "Yquu" {rN+ Int-3 Stlth+} (Xom
                  | gifted it to you on level 7 of the Dungeon)
  6537 | D:7      | Found a radiant altar of Vehumet.
  6546 | D:7      | XOM: god gift: book of Cantrips
  6555 | D:7      | Reached skill level 5 in Shields
  6557 | D:7      | Found a basalt altar of Yredelemnul.
  7008 | D:8      | Noticed Joseph
  7015 | D:8      | XOM: divine lightning
  7023 | D:8      | XOM: enchant monster (good)
  7032 | D:8      | HP: 1/78 [Joseph/uncursed quarterstaff (10)]
  7034 | D:8      | Killed Joseph
  7265 | D:8      | XOM: god gift: potion of curing
  7352 | D:8      | XOM: medium Erth miscast
  7539 | D:8      | XOM: harmless Summ miscast
  7541 | D:8      | XOM: mild Pois miscast
  7616 | D:8      | XOM: give mutations
  7616 | D:8      | Gained mutation: Armour fits poorly on your strangely
                  | shaped body. [Xom's mischief]
  7616 | D:8      | Gained mutation: You do not regenerate when monsters are
                  | visible. [Xom's mischief]
  7616 | D:8      | Lost mutation: You do not regenerate when monsters are
                  | visible. [Xom's mischief]
  7616 | D:8      | Gained mutation: Your body sometimes deteriorates upon
                  | taking damage. [Xom's mischief]
  7678 | D:8      | Found a transporter.
  7679 | D:8      | Found a hide-covered altar of Uskayaw.
  7679 | D:8      | Noticed an oklob plant
  7696 | D:8      | XOM: cleaving
  7716 | D:8      | Killed an oklob plant
  7716 | D:8      | Reached skill level 13 in Axes
  7716 | D:8      | Reached skill level 5 in Armour
  7716 | D:8      | Reached skill level 1 in Evocations
  7716 | D:8      | Reached XP level 10. HP: 24/84 MP: 10/10
  8007 | D:8      | XOM: divination: detect items
  8085 | D:8      | Found a transporter.
  8173 | D:8      | Got a vibrating brass ring
  8175 | D:8      | Identified the ring "Atues" {Fire +Fly Int+2} (You found it
                  | on level 8 of the Dungeon)
  8284 | D:8      | XOM: harmless Pois miscast
  8602 | D:9      | Noticed a two-headed ogre
  8604 | D:9      | XOM: noise
  8605 | D:9      | XOM: enchant monster (bad)
  8609 | D:9      | Killed a two-headed ogre
  8659 | D:9      | Reached skill level 14 in Axes
  8659 | D:9      | HP: 4/86 [something (7)]
  8978 | D:9      | XOM: 6-stop teleportation journey
  9029 | D:9      | XOM: god gift: wand of iceblast (6)
  9110 | D:9      | Found a deep blue altar of Sif Muna.
  9423 | D:9      | XOM: cloud trail
  9457 | D:9      | Noticed a two-headed ogre
  9474 | D:9      | XOM: confuse monster(s)
  9481 | D:9      | Killed a two-headed ogre
  9481 | D:9      | Reached XP level 11. HP: 34/92 MP: 10/12
  9509 | D:9      | XOM: 8-stop teleportation journey
  9766 | D:9      | XOM: 3-stop teleportation journey
  9839 | D:9      | Found a glowing silver altar of Zin.
 10210 | D:9      | XOM: give mutations
 10210 | D:9      | Gained mutation: You have sharp toenails. [Xom's grace]
 10210 | D:9      | Gained mutation: Your system is resistant to poisons.
                  | (rPois) [Xom's grace]
 10210 | D:9      | Gained mutation: You are partially covered in icy blue
                  | scales. (AC +2) [Xom's grace]
 10264 | D:9      | XOM: scenery: create altars
 10497 | D:10     | Entered Level 10 of the Dungeon
 10583 | D:10     | Found a staircase to the Lair.
 10648 | D:10     | XOM: summons 2 hostile demons
 10682 | D:10     | XOM: scenery: 1 doors open
 10718 | D:10     | XOM: god gift: ring of magical power {god gift}
 11229 | D:10     | XOM: fog
 11325 | D:10     | XOM: polymorph centaur -> howler monkey
 11371 | D:10     | XOM: 5-stop teleportation journey
 11520 | D:10     | Noticed Snorg
 11528 | D:10     | XOM: cast spell 'Death Channel'
 11547 | D:10     | Killed Snorg
 11547 | D:10     | Reached skill level 15 in Axes
 11648 | D:10     | XOM: silly message
 11747 | D:10     | XOM: silly message
 11912 | D:10     | Killed an unseen horror
 12026 | Lair:1   | Entered Level 1 of the Lair of Beasts
 12144 | D:11     | Killed an unseen horror
 12154 | D:11     | Noticed Nergalle
 12169 | D:11     | XOM: summons 11 friendly demons
 12180 | D:11     | Killed Nergalle
 12201 | D:11     | XOM: give mutations
 12201 | D:11     | Gained mutation: You can translocate small distances at
                  | will. [Xom's grace]
 12201 | D:11     | Gained mutation: You are somewhat resistant to both further
                  | mutation and mutation removal. [Xom's grace]
 12215 | D:11     | Noticed an eight-headed hydra
 12224 | D:11     | XOM: confuse monster(s)
 12225 | D:11     | Noticed a five-headed hydra
 12226 | D:11     | Noticed a two-headed ogre
 12268 | D:10     | XOM: mild Fire miscast
 12329 | D:11     | XOM: enchant monster (bad)
 12331 | D:11     | XOM: summons 3 friendly demons
 12334 | D:11     | Reached skill level 5 in Dodging
 12343 | D:11     | Slain by a two-headed ogre

Vault maps used:
D:1:      matt_arrival_diagonals
D:2:      old_standard_altar
D:3:      chequers_ecumenical_altar_simple, first_ration, uniq_terence,
          uniq_ijyb, uniq_natasha
D:4:      minmay_temple_entry_statues_fountains, minmay_misc_feat_nine_boxes,
          st_stairs_3, serial_bayou_ford_a
D:5:      old_standard_altar, overflow_temple_1_default, goddamned_bats
D:6:      nicolae_dithmenos_shadow_blocks, portal_sewer_entry_e, serial_shops,
          nicolae_shop_overgrown_old_shop, shop_statue, shop,
          nicolae_shop_crystal
D:7:      minitemple, vehumet_altar_wand_db, yredelemnul_altar_generic
D:8:      gammafunk_the_bubble, blue_anna_alchemist, st_stairs_12,
          lemuel_oklob_altar, uniq_joseph
D:9:      cheibrodos_helix_gallery, tgw_sif, lemuel_doored_altar,
          serial_co_window_serial, co_window_paths_a, co_window_paths_a,
          co_window_of_opportunity_a, co_window_corner_a, co_window_paths_b,
          co_window_broadway_b, co_window_corner_cb, co_window_corner_b,
          co_window_4corner_a, glass_columns_c, glass_columns_a,
          glass_columns_b, minmay_misc_feat_cross
D:10:     erik_lair_orcish_takeover, uniq_snorg
D:11:     erik_orc_1, evilmike_ruin_ashenzari, uniq_nergalle
Temple:   jpeg_temple_clearing
Lair:1:   grunt_megastairs_2
Sewer:    sewer_minmay_treatment

Skill      XL: |  1  2  3  4  5  6  7  8  9 10 11 |
---------------+----------------------------------+-----
Axes           | 5 6 7 8 9 11 13 14 15 | 15.2
Fighting       | 4 5 6 7 8 |  8.6
Dodging        | 1 2 3 4 5 |  5.0
Shields        | 1 2 4 5 8 9 |  9.8
Armour         | 3 4 5 |  5.8
Evocations     | 1 3 |  3.7

Action                   |  1- 3 |  4- 6 |  7- 9 | 10-12 || total
-------------------------+-------+-------+-------+-------++-------
Melee: Hand axe          |    97 |   146 |   537 |   488 ||  1268
       Kick              |       |       |       |    82 ||    82
 Abil: Evoke Berserk Rag |       |       |       |     1 ||     1
Evoke: Wand              |       |       |     9 |    26 ||    35
  Use: Scroll            |     2 |     1 |     8 |     4 ||    15
       Potion            |       |       |     4 |     2 ||     6
 Stab: Invisible         |       |     2 |     1 |       ||     3
       Paralysed         |       |     3 |     6 |    13 ||    22
       Petrified         |       |     1 |     4 |     3 ||     8
       Confused          |       |       |     5 |     1 ||     6
       Petrifying        |       |       |     1 |       ||     1
       Sleeping          |       |       |     2 |     3 ||     5
       Distracted        |       |       |       |     2 ||     2
       Betrayed ally     |       |       |       |     1 ||     1
  Eat: Chunk             |       |     5 |    15 |    10 ||    30
       Ration            |       |       |     1 |     2 ||     3
Armor: Leather armour    |    29 |    40 |    44 |    69 ||   182
       Scale mail        |       |    37 |   118 |       ||   155
       Troll leather arm |       |       |       |    55 ||    55
Dodge: Dodged            |    59 |    67 |   190 |   140 ||   456
Block: Buckler           |       |    31 |   121 |       ||   152
       Shield            |       |       |    15 |   256 ||   271

Table legend:
 A = Non-vault XP
 B = Vault XP
 C = Vault XP percentage of total XP
 D = Non-vault monster count
 E = Vault monster count
 F = Vault count percentage of total count
                 A         B        C        D         E       F
            +---------+---------+-------+---------+---------+-------
      Total |   11397 |    5401 |  32.2 |     195 |     121 |  38.3
            +---------+---------+-------+---------+---------+-------
        D:1 |      54 |       0 |   0.0 |      24 |       0 |   0.0
        D:2 |     172 |       0 |   0.0 |      15 |       0 |   0.0
        D:3 |     170 |     108 |  38.8 |      20 |       3 |  13.0
        D:4 |     288 |       1 |   0.3 |      18 |       1 |   5.3
        D:5 |     686 |     177 |  20.5 |      20 |      20 |  50.0
        D:6 |     918 |      28 |   3.0 |      20 |       8 |  28.6
        D:7 |     888 |       1 |   0.1 |       9 |       1 |  10.0
        D:8 |     583 |    1757 |  75.1 |       7 |      16 |  69.6
        D:9 |    3226 |     433 |  11.8 |      24 |       3 |  11.1
       D:10 |    2546 |    1678 |  39.7 |      25 |       9 |  26.5
       D:11 |    1866 |     876 |  31.9 |      13 |      11 |  45.8
      Sewer |       0 |     342 | 100.0 |       0 |      49 | 100.0
            +---------+---------+-------+---------+---------+-------
